APP
PRINCETON RAYS @ OREM OWLZ
09/17/2049
 
TOP OF THE 1ST
Princeton Rays batting - Pitching for Orem Owlz : LHP Troy Trombino
Pitching: LHP Troy Trombino
Batting: RHB Luis Jara 0-0: Ball
1-0: Foul Ball, location: 2F
1-1: SINGLE (Groundball, 34D, EV 97.5 MPH)
Batting: RHB Ben Saxton 0-0: Called Strike
0-1: Swinging Strike
0-2: Foul Ball, location: 2F
0-2: Ball
1-2: Strikes out swinging
Batting: SHB Omar Cervantes 0-0: Called Strike
0-1: Foul Ball, location: 2F
0-2: Ball
1-2: Ball
2-2: Ball
Wild Pitch!
Luis Jara to second
3-2: TRIPLE (Groundball, 5L, EV 102.5 MPH)
Luis Jara scores
Batting: RHB Toshikatsu Omori 0-0: Ball
1-0: Ball
2-0: Called Strike
2-1: TRIPLE (Line Drive, 78XD, EV 100.6 MPH)
Omar Cervantes scores
Batting: SHB Dan Trainer 0-0: Ball
1-0: Ball
2-0: Called Strike
2-1: Ball
3-1: Called Strike
3-2: Ground out 6-3 (Groundball, 6, EV 85.0 MPH)
Toshikatsu Omori scores
Batting: RHB Willie Acevedo 0-0: Ground out U3 (Groundball, 3, EV 98.1 MPH)
Top of the 1st over - 3 runs, 3 hits, 0 errors, 0 left on base; Princeton 3 - Orem 0
BOTTOM OF THE 1ST
Orem Owlz batting - Pitching for Princeton Rays : LHP Alex Pritchard
Pitching: LHP Alex Pritchard
Batting: RHB Brian Spry 0-0: Swinging Strike
0-1: Foul Ball, location: 2F
0-2: Foul Ball, location: 2F
0-2: Strikes out swinging
Batting: RHB Fred Saxton 0-0: Ball
1-0: Ground out 6-3 (Groundball, 56, EV 96.2 MPH)
Batting: RHB Carlos Gonzales 0-0: Called Strike
0-1: Fly out, F8 (Flyball, 8LD, EV 98.1 MPH)
Bottom of the 1st over - 0 runs, 0 hits, 0 errors, 0 left on base; Princeton 3 - Orem 0
TOP OF THE 2ND
Princeton Rays batting - Pitching for Orem Owlz : LHP Troy Trombino
Batting: RHB Cody Gebo 0-0: Ground out 6-3 (Groundball, 6, EV 102.5 MPH)
Batting: LHB Matt Pena 0-0: Foul Ball, location: 2F
0-1: Ground out 5-3 (Groundball, 56, EV 99.4 MPH)
Batting: RHB Gilbert Hoareau 0-0: Called Strike
0-1: Ball
1-1: Ball
2-1: Ground out 6-3 (Groundball, 56, EV 101.9 MPH)
Top of the 2nd over - 0 runs, 0 hits, 0 errors, 0 left on base; Princeton 3 - Orem 0
BOTTOM OF THE 2ND
Orem Owlz batting - Pitching for Princeton Rays : LHP Alex Pritchard
Batting: RHB Daniel Molina 0-0: Ball
1-0: Ball
2-0: Ball
3-0: Called Strike
3-1: Base on Balls
Batting: LHB David Coatney 0-0: Foul Ball, location: 2F
0-1: Ball
1-1: Ball
Daniel Molina is caught stealing 2nd base 2-6
2-1: Ball
3-1: Called Strike
3-2: Foul Ball, location: 2F
3-2: Fly out, F7 (Flyball, 7S, EV 84.4 MPH)
Batting: RHB Brendan Garoutte 0-0: Ball
1-0: Swinging Strike
1-1: Ball
2-1: Ball
3-1: Fly out, F8 (Flyball, 8LS, EV 73.1 MPH)
Bottom of the 2nd over - 0 runs, 0 hits, 0 errors, 0 left on base; Princeton 3 - Orem 0
TOP OF THE 3RD
Princeton Rays batting - Pitching for Orem Owlz : LHP Troy Trombino
Batting: RHB Luis Jara 0-0: Called Strike
0-1: SOLO HOME RUN (Flyball, 7LD, EV 95.0 MPH), Distance : 349 ft
Batting: RHB Ben Saxton 0-0: Foul Ball, location: 2F
0-1: Foul Ball, location: 2F
0-2: Foul Ball, location: 2F
0-2: Fly out, F6 (Popup, 6M, EV 68.1 MPH)
Batting: SHB Omar Cervantes 0-0: Ball
1-0: Foul Ball, location: 2F
1-1: Foul Ball, location: 2F
1-2: Foul Ball, location: 2F
1-2: Ball
2-2: Ground out 4-3 (Groundball, 4S, EV 78.1 MPH)
Batting: RHB Toshikatsu Omori 0-0: Called Strike
0-1: SINGLE (Line Drive, 3L, EV 102.5 MPH)
Batting: SHB Dan Trainer 0-0: Fielders Choice at 2nd, 5-4 (Groundball, 56, EV 104.4 MPH)
Top of the 3rd over - 1 run, 2 hits, 0 errors, 1 left on base; Princeton 4 - Orem 0
BOTTOM OF THE 3RD
Orem Owlz batting - Pitching for Princeton Rays : LHP Alex Pritchard
Batting: RHB Jesse Sargent 0-0: Ground out U3 (Groundball, 34, EV 106.2 MPH)
Batting: SHB Marty Kuehn 0-0: Swinging Strike
0-1: SINGLE (Groundball, 56D, EV 105.0 MPH)
Batting: RHB Steve Neely 0-0: Ball
1-0: TRIPLE (Line Drive, 8RXD, EV 108.8 MPH)
Marty Kuehn scores
Batting: RHB Brian Spry 0-0: Ball
1-0: Fly out, F5 (Line Drive, 56, EV 70.0 MPH)
Batting: RHB Fred Saxton 0-0: Called Strike
0-1: Ball
1-1: Ball
2-1: Called Strike
2-2: Foul Ball, location: 2F
2-2: Strikes out swinging
Bottom of the 3rd over - 1 run, 2 hits, 0 errors, 1 left on base; Princeton 4 - Orem 1
TOP OF THE 4TH
Princeton Rays batting - Pitching for Orem Owlz : LHP Troy Trombino
Batting: RHB Willie Acevedo 0-0: Ball
1-0: Ball
2-0: Ball
3-0: Base on Balls
Batting: RHB Cody Gebo 0-0: Called Strike
Willie Acevedo is caught stealing 2nd base 2-4
0-1: Ground out 6-3 (Groundball, 56, EV 86.2 MPH)
Batting: LHB Matt Pena 0-0: Foul Ball, location: 2F
0-1: Ball
1-1: Ball
2-1: Foul Ball, location: 2F
2-2: Strikes out swinging
Top of the 4th over - 0 runs, 0 hits, 0 errors, 0 left on base; Princeton 4 - Orem 1
BOTTOM OF THE 4TH
Orem Owlz batting - Pitching for Princeton Rays : LHP Alex Pritchard
Batting: RHB Carlos Gonzales 0-0: Ball
1-0: Called Strike
1-1: Ground out U3 (Groundball, 34, EV 93.1 MPH)
Batting: RHB Daniel Molina 0-0: Ball
1-0: Called Strike
1-1: Ball
2-1: Foul Ball, location: 2F
2-2: Strikes out swinging
Batting: LHB David Coatney 0-0: Called Strike
0-1: Called Strike
0-2: Ball
1-2: Foul Ball, location: 2F
1-2: Ball
2-2: Foul Ball, location: 2F
2-2: Foul Ball, location: 2F
2-2: Ball
3-2: Foul Ball, location: 2F
3-2: Fly out, F7 (Line Drive, 78M, EV 90.0 MPH)
Bottom of the 4th over - 0 runs, 0 hits, 0 errors, 0 left on base; Princeton 4 - Orem 1
TOP OF THE 5TH
Princeton Rays batting - Pitching for Orem Owlz : LHP Troy Trombino
Batting: RHB Gilbert Hoareau 0-0: Ball
1-0: Ball
2-0: Ball
3-0: Called Strike
3-1: Called Strike
3-2: Base on Balls
Batting: RHB Luis Jara 0-0: 2-RUN HOME RUN (Flyball, 89XD, EV 103.8 MPH), Distance : 418 ft
Pitching: RHP Jim Sawicki
Batting: RHB Ben Saxton 0-0: Ball
1-0: Ball
2-0: Fly out, F4 (Line Drive, 4, EV 67.5 MPH)
Batting: SHB Omar Cervantes 0-0: Swinging Strike
0-1: Foul Ball, location: 2F
0-2: Ball
1-2: Ball
2-2: Strikes out swinging
Batting: RHB Toshikatsu Omori 0-0: Ball
1-0: Ground out 6-3 (Groundball, 56, EV 96.9 MPH)
Top of the 5th over - 2 runs, 1 hit, 0 errors, 0 left on base; Princeton 6 - Orem 1
BOTTOM OF THE 5TH
Orem Owlz batting - Pitching for Princeton Rays : LHP Alex Pritchard
Batting: RHB Brendan Garoutte 0-0: Ball
1-0: Ball
2-0: Ground out 6-3 (Groundball, 56, EV 89.4 MPH)
Batting: RHB Jesse Sargent 0-0: Called Strike
0-1: Swinging Strike
0-2: Ball
1-2: Fly out, F8 (Line Drive, 8LD, EV 92.5 MPH)
Batting: SHB Marty Kuehn 0-0: Ball
1-0: Ball
2-0: Foul Ball, location: 2F
2-1: Foul Ball, location: 2F
2-2: Foul Ball, location: 2F
2-2: Ground out U3 (Groundball, 23, EV 85.6 MPH)
Bottom of the 5th over - 0 runs, 0 hits, 0 errors, 0 left on base; Princeton 6 - Orem 1
TOP OF THE 6TH
Princeton Rays batting - Pitching for Orem Owlz : RHP Jim Sawicki
Batting: SHB Dan Trainer 0-0: Ball
1-0: Ball
2-0: Ball
3-0: Called Strike
3-1: Swinging Strike
3-2: Foul Ball, location: 2F
3-2: Foul Ball, location: 2F
3-2: Fly out, F8 (Flyball, 8RD, EV 90.6 MPH)
Batting: RHB Willie Acevedo 0-0: Ball
1-0: Ball
2-0: Foul Ball, location: 2F
2-1: Foul Ball, location: 2F
2-2: Foul Ball, location: 2F
2-2: Strikes out swinging
Batting: RHB Cody Gebo 0-0: Called Strike
0-1: Ball
1-1: Ball
2-1: Foul Ball, location: 2F
2-2: Foul Ball, location: 2F
2-2: Foul Ball, location: 2F
2-2: Strikes out swinging
Top of the 6th over - 0 runs, 0 hits, 0 errors, 0 left on base; Princeton 6 - Orem 1
BOTTOM OF THE 6TH
Orem Owlz batting - Pitching for Princeton Rays : LHP Alex Pritchard
Batting: RHB Steve Neely 0-0: DOUBLE (Flyball, 78D, EV 96.2 MPH)
Batting: RHB Brian Spry 0-0: Foul Ball, location: 2F
0-1: Ball
Wild Pitch!
Steve Neely to third
1-1: Ball
2-1: Foul Ball, location: 2F
2-2: Ball
3-2: Base on Balls
Batting: RHB Fred Saxton 0-0: Called Strike
0-1: Grounds into double play, 6-4-3 (Groundball, 6, EV 105.6 MPH)
Steve Neely scores
Batting: RHB Carlos Gonzales 0-0: Fly out, F8 (Flyball, 8LS, EV 91.2 MPH)
Bottom of the 6th over - 1 run, 1 hit, 0 errors, 0 left on base; Princeton 6 - Orem 2
TOP OF THE 7TH
Princeton Rays batting - Pitching for Orem Owlz : RHP Jim Sawicki
Pitching: RHP Arnold Frye
Batting: LHB Matt Pena 0-0: Ball
1-0: Swinging Strike
1-1: Foul Ball, location: 2F
1-2: Ball
2-2: Ball
3-2: Foul Ball, location: 2F
3-2: Base on Balls
Batting: RHB Gilbert Hoareau 0-0: Bunt missed!
0-1: Bunted foul
0-2: Ball
1-2: Foul Ball, location: 2F
1-2: Fly out, F7 (Flyball, 7, EV 95.0 MPH)
Batting: RHB Luis Jara 0-0: Called Strike
0-1: Fly out, F8 (Flyball, 8RM, EV 93.1 MPH)
Batting: RHB Ben Saxton 0-0: Swinging Strike
0-1: Ball
1-1: Ball
2-1: Ground out 4-3 (Groundball, 34, EV 103.1 MPH)
Top of the 7th over - 0 runs, 0 hits, 0 errors, 1 left on base; Princeton 6 - Orem 2
BOTTOM OF THE 7TH
Orem Owlz batting - Pitching for Princeton Rays : LHP Alex Pritchard
Batting: RHB Daniel Molina 0-0: Called Strike
0-1: Foul Ball, location: 2F
0-2: Ball
1-2: Strikes out looking
Batting: LHB David Coatney 0-0: Swinging Strike
0-1: Ball
1-1: Ball
2-1: Swinging Strike
2-2: Foul Ball, location: 2F
2-2: Ball
3-2: Foul Ball, location: 2F
3-2: Base on Balls
Pitching: RHP J.P. Taylor
Batting: RHB Brendan Garoutte 0-0: Called Strike
0-1: Foul Ball, location: 2F
0-2: Fielders Choice at 2nd, 6-4 (Groundball, 6, EV 82.5 MPH)
Pinch Hitting: LHB Kevin Feldman 0-0: Fly out, F8 (Flyball, 8RM, EV 95.6 MPH)
Bottom of the 7th over - 0 runs, 0 hits, 0 errors, 1 left on base; Princeton 6 - Orem 2
TOP OF THE 8TH
Princeton Rays batting - Pitching for Orem Owlz : RHP Arnold Frye
Now at 3B: Fernando Sosa
Batting: SHB Omar Cervantes 0-0: Ball
1-0: Foul Ball, location: 2F
1-1: Ball
2-1: Foul Ball, location: 2F
2-2: Ball
3-2: SINGLE (Groundball, 4MD, EV 99.4 MPH)
Batting: RHB Toshikatsu Omori 0-0: Called Strike
0-1: Ball
1-1: Ball
2-1: Ball
3-1: Ground out 4-3 (Groundball, 34S, EV 85.0 MPH)
Omar Cervantes to second
Pitching: RHP Carlos Olbera
Batting: SHB Dan Trainer 0-0: Ball
1-0: Foul Ball, location: 2F
1-1: Ground out U3 (Groundball, 3, EV 89.4 MPH)
Omar Cervantes to third
Batting: RHB Willie Acevedo 0-0: Intentional Walk
Batting: RHB Cody Gebo 0-0: Called Strike
0-1: Ball
1-1: Foul Ball, location: 2F
1-2: Ball
Wild Pitch!
Omar Cervantes scores
Willie Acevedo to second
2-2: Strikes out swinging
Top of the 8th over - 1 run, 1 hit, 0 errors, 1 left on base; Princeton 7 - Orem 2
BOTTOM OF THE 8TH
Orem Owlz batting - Pitching for Princeton Rays : RHP J.P. Taylor
Batting: SHB Marty Kuehn 0-0: Ball
1-0: Foul Ball, location: 2F
1-1: Ball
2-1: Foul Ball, location: 2F
2-2: Ball
3-2: Foul Ball, location: 2F
3-2: SOLO HOME RUN (Flyball, 89XD, EV 108.8 MPH), Distance : 408 ft
Pinch Hitting: LHB Bill Girton 0-0: Ball
1-0: Ball
2-0: Ball
3-0: Base on Balls
Batting: RHB Brian Spry 0-0: Ball
1-0: Called Strike
1-1: Foul Ball, location: 2F
1-2: Ball
2-2: Ball
3-2: Strikes out swinging
Batting: RHB Fred Saxton 0-0: Ball
1-0: Called Strike
1-1: Ball
2-1: Called Strike
2-2: Foul Ball, location: 2F
2-2: Strikes out swinging
Batting: RHB Carlos Gonzales 0-0: Called Strike
0-1: Ground out 4-3 (Groundball, 4, EV 86.2 MPH)
Bottom of the 8th over - 1 run, 1 hit, 0 errors, 1 left on base; Princeton 7 - Orem 3
TOP OF THE 9TH
Princeton Rays batting - Pitching for Orem Owlz : RHP Carlos Olbera
Now in RF: Bill Girton
Pinch Hitting: RHB Bobby Ross 0-0: Foul Ball, location: 2F
0-1: Swinging Strike
0-2: Ball
1-2: Ball
2-2: Ground out 6-3 (Groundball, 6, EV 83.1 MPH)
Batting: RHB Gilbert Hoareau 0-0: Called Strike
0-1: Swinging Strike
0-2: Fly out, F7 (Flyball, 7S, EV 72.5 MPH)
Batting: RHB Luis Jara 0-0: Ball
1-0: Ground out 5-3 (Groundball, 56S, EV 83.1 MPH)
Top of the 9th over - 0 runs, 0 hits, 0 errors, 0 left on base; Princeton 7 - Orem 3
BOTTOM OF THE 9TH
Orem Owlz batting - Pitching for Princeton Rays : RHP J.P. Taylor
Now in RF: Sandoval Serzedelo
Batting: RHB Daniel Molina 0-0: SOLO HOME RUN (Flyball, 9D, EV 96.9 MPH), Distance : 382 ft
Pitching: RHP Matt Roberts
Batting: LHB David Coatney 0-0: Ball
1-0: Called Strike
1-1: Ball
2-1: Ball
3-1: Called Strike
3-2: SINGLE (Groundball, 4MD, EV 105.6 MPH)
Pinch Hitting: SHB Manuel Martinez 0-0: Swinging Strike
0-1: Fielders Choice at 2nd, 4-6 (Groundball, 4, EV 80.0 MPH)
Pinch Hitting: RHB Wilford Harper 0-0: Ball
1-0: Ball
2-0: Ball
3-0: Called Strike
3-1: DOUBLE (Groundball, 5L, EV 102.5 MPH)
Manuel Martinez to third
Batting: SHB Marty Kuehn 0-0: Ball
1-0: Ball
2-0: Called Strike
2-1: SINGLE (Groundball, 4MD, EV 100.6 MPH)
Manuel Martinez scores
Wilford Harper to third
Batting: LHB Bill Girton 0-0: Foul Ball, location: 2F
0-1: Ball
1-1: Called Strike
1-2: Strikes out swinging
Batting: RHB Brian Spry 0-0: Ball
1-0: Ball
2-0: Ball
3-0: Called Strike
3-1: Base on Balls
Marty Kuehn to second
Pitching: RHP Vince Martinez
Batting: RHB Fred Saxton 0-0: Ball
1-0: Called Strike
1-1: Ball
2-1: Foul Ball, location: 2F
2-2: Strikes out looking
Bottom of the 9th over - 2 runs, 4 hits, 0 errors, 3 left on base; Princeton 7 - Orem 5
Sunday, July 16th , 2023 - OOTP Baseball 24.6 Build 69